 Dungeon Crawl Stone Soup version 0.29.1-15-g9cfb28693d (webtiles) character file.

Game seed: 12710741097998028809

316 Heoruswealwe the Magician (level 6, -2/32 HPs)
             Began as a Deep Elf Earth Elementalist on Mar 30, 2023.
             Was a Believer of Vehumet.
             Slain by Duvessa
             ... wielding a +2 short sword of freezing
              (6 damage)
             ... on level 4 of the Dungeon.
             The game lasted 00:31:28 (2763 turns).

Heoruswealwe the Magician (DEEE)                    Turns: 2763, Time: 00:31:29

Health: -2/32      AC:  4    Str:  5    XL:     6   Next: 20%
Magic:  11/16      EV: 13    Int: 22    God:    Vehumet [**....]
Gold:   168        SH:  0    Dex: 15    Spells: 6/16 levels left

rFire   . . .      SeeInvis .   (no weapon)
rCold   . . .      Faith    .   (no shield)
rNeg    . . .      Spirit   .   n - +0 robe
rPois   .          Reflect  .   (no helmet)
rElec   .          Harm     .   (no cloak)
rCorr   .          Rampage  .   (no gloves)
Will    .....                   f - +1 pair of boots
Stlth   +.........              (no amulet)
HPRegen 0.10/turn               (no ring)
MPRegen 0.15/turn               (no ring)

@: lit by a corona, glowing, studying Dodging
A: no striking features
a: Renounce Religion


You were on level 4 of the Dungeon.
You worshipped Vehumet.
Vehumet was pleased with you.
You visited 1 branch of the dungeon, and saw 4 of its levels.

You collected 168 gold pieces.

Inventory:

Armour
 a - a +0 robe
 c - a +0 robe
 f - a +1 pair of boots (worn)
 n - a +0 robe (worn)
 t - a +0 robe
Wands
 s - a wand of flame (12)
Scrolls
 g - a scroll of enchant weapon
 i - a scroll of enchant armour
 l - a scroll of fear
 r - 2 scrolls of immolation {unknown}
 u - a scroll of teleportation {unknown}
 v - a scroll of butterflies {unknown}
 x - a scroll of noise {unknown}
Potions
 b - a potion of magic
 d - 5 potions of curing {unknown}
 e - 2 potions of lignification {unknown}
 h - a potion of invisibility {unknown}
 j - a potion of attraction {unknown}
 k - a potion of mutation {unknown}
 m - 4 potions of cancellation {unknown}
 o - 2 potions of heal wounds {unknown}
 p - a potion of flight {unknown}
 w - a potion of resistance {unknown}


   Skills:
 + Level 4.0 Dodging
 - Level 2.4 Stealth
 + Level 5.5 Spellcasting
 + Level 1.6 Conjurations
 + Level 3.0 Transmutations
 + Level 5.0 Earth Magic


You had 6 spell levels left.
You knew the following spells:

 Your Spells              Type           Power      Damage    Failure   Level
a - Sandblast             Erth           56%        2d13      1%          1
b - Stone Arrow           Conj/Erth      40%        3d9       7%          3
c - Petrify               Tmut/Erth      24%        N/A       19%         4
z - Passwall              Tmut/Erth      20%        N/A       2%          2

Your spell library contained the following spells:

 Spells                   Type           Power      Damage    Failure   Level
 Poisonous Vapours        Pois/Air       12%        N/A       14%         2
 Wereblood                Tmut           19%        N/A       4%          2
 Sublimation of Blood     Necr           6%         N/A       14%         2
 Summon Hydra             Summ           3%         N/A       100%        7


Dungeon Overview and Level Annotations

Branches:
Dungeon (4/15)
 Temple: D:4-7

Altars:
Vehumet

Shops:
D:1 *   D:4 (

Annotations:
D:4 Dowan, Duvessa


Message History

a +0 dagger; a ball python corpse; a goblin corpse You open the door.
Things that are here:
a +0 dagger; a ball python corpse; a goblin corpse
Found Ifiul's Weapon Shop.
Dowan, Brother of Duvessa comes into view.
He is wielding a +0 dagger.
An endoplasm comes into view.
Found a club.
Duvessa, Sister of Dowan comes into view.
She is wielding a +2 short sword of freezing.
The blast of sand hits Duvessa but does no damage.
Duvessa shouts!
The blast of sand hits Duvessa but does no damage.
Dowan gestures wildly while chanting.
Dowan blinks!
Duvessa says, "Where magic fails, the sword succeeds!"
Duvessa closely misses you.
The blast of sand hits Duvessa but does no damage.
Duvessa completely misses you.
The blast of sand hits Duvessa but does no damage.
Duvessa hits you with a +2 short sword of freezing!
Duvessa freezes you.
Dowan points at you and mumbles some strange words.
You are outlined in light.
Duvessa completely misses you.
The blast of sand hits Duvessa but does no damage.
Duvessa hits you with a +2 short sword of freezing.
Duvessa freezes you. Dowan hits you with a +0 dagger.
* * * LOW HITPOINT WARNING * * *
Casting: Sandblast (safe; 1% risk of failure)
Confirm with . or Enter, or press ? or * to list all spells.
Aiming: Sandblast (safe; 1% risk of failure)
Press: ? - help, Shift-Dir - straight line, f/p - Duvessa
Aim: Duvessa, wielding a +2 short sword of freezing and wearing a +0 ring mail (87% to hit)
The blast of sand hits Duvessa but does no damage.
Duvessa hits you with a +2 short sword of freezing.
* * * LOW HITPOINT WARNING * * *
Duvessa freezes you.
* * * LOW HITPOINT WARNING * * *
Dowan barely misses you.
Duvessa hits you with a +2 short sword of freezing.
You die...

##...##.#
##.....#J#
##.)......#
##....∩....#
#........^.#
#..#.†...#e#
#..##...# .#
#...#####.#
##...#.e@eJ#
#.......####
#........##
#.........# ##
##...####'#####.#
##.).#≈≈≈.≈≈≈#..#
#....#≈8.§.8§#..#
##...#§....§§#.#
##...'...<..§'.#


You could see Duvessa, Dowan and an endoplasm.

Vanquished Creatures
  Sigmund (D:3)
  9 adders
  A gnoll (D:1)
  A worm (D:2)
  The ghost of dvd2 the Sneak, a weakling DsDe (D:4)
  2 dart slugs
  An orc (D:4)
  3 endoplasms
  2 giant cockroaches
  9 goblins
  3 hobgoblins
  2 jackals (D:1)
  5 kobolds
  4 quokkas
  7 ball pythons
  2 bats
  A frilled lizard (D:2)
  6 rats
60 creatures vanquished.

Vanquished Creatures (others)
  7 fungi (D:1)
  21 plants (D:1)
28 creatures vanquished.

Grand Total: 88 creatures vanquished

Notes
Turn   | Place    | Note
-------+----------+-------------------------------------------
     0 | D:1      | Heoruswealwe the Deep Elf Earth Elementalist began the
                  | quest for the Orb.
     0 | D:1      | Reached XP level 1. HP: 10/10 MP: 6/6
   245 | D:1      | Reached XP level 2. HP: 11/15 MP: 0/8
   248 | D:1      | Learned a level 2 spell: Passwall
   433 | D:1      | Found a faded altar of an unknown god.
   457 | D:1      | Found Qitemorgh's General Store.
   517 | D:1      | Reached XP level 3. HP: 19/19 MP: 8/10
   722 | D:1      | Prayed at the altar of an unknown god.
   722 | D:1      | Became a worshipper of Vehumet
   722 | D:1      | Reached * piety under Vehumet
   722 | D:1      | Offered knowledge of Foxfire by Vehumet.
  1075 | D:2      | Reached XP level 4. HP: 24/24 MP: 5/12
  1079 | D:2      | Learned a level 3 spell: Stone Arrow
  1084 | D:2      | Learned a level 4 spell: Petrify
  1435 | D:2      | Reached skill level 5 in Spellcasting
  1666 | D:3      | Noticed Sigmund
  1671 | D:3      | Killed Sigmund
  1672 | D:3      | Reached skill level 1 in Conjurations
  1672 | D:3      | Reached skill level 5 in Earth Magic
  1672 | D:3      | Reached XP level 5. HP: 18/28 MP: 9/14
  1672 | D:3      | Reached XP level 6. HP: 21/32 MP: 10/16
  2364 | D:3      | Offered knowledge of Poisonous Vapours by Vehumet.
  2398 | D:3      | Reached ** piety under Vehumet
  2503 | D:4      | Found a runed translucent door.
  2505 | D:4      | Noticed dvd2's ghost (weakling DsDe)
  2514 | D:4      | Killed dvd2's ghost
  2744 | D:4      | Found Ifiul's Weapon Shop.
  2746 | D:4      | Noticed Dowan
  2756 | D:4      | Noticed Duvessa
  2763 | D:4      | Slain by Duvessa

Illustrated notes

Levels and vault maps discovered:
D:1:      dpeg_arrival_rooms_c, layout_basic,
          dreamdust_ecumenical_altar_hidden_monk_grotto, serial_shops, shop,
          serial_bayou_crossing
D:2:      layout_rooms, hangedman_decor_push, minmay_snake_closets
D:3:      layout_basic, uniq_sigmund
D:4:      layout_gridville, ebering_ghost_reflecting_pool, serial_shops,
          nicolae_shop_bloodbath_and_beyond, kennysheep_small_square,
          uniq_duvessa

Skill      XL: |  1  2  3  4  5  6 |
---------------+-------------------+-----
Spellcasting   | 4 5 |  5.5
Earth Magic    | 4 5 |  5.0
Transmutations | 2 3 |  3.0
Dodging        | 3 4 |  4.0
Conjurations   | 1 |  1.6
Stealth        | |  2.4

Action                   |  1- 3 |  4- 6 || total
-------------------------+-------+-------++-------
Melee: Unarmed           |   141 |       ||   141
       Punch             |     3 |       ||     3
 Cast: Sandblast         |    46 |    48 ||    94
       Passwall          |       |     2 ||     2
  Use: Scroll            |       |     4 ||     4
Armor: Robe              |     6 |     2 ||     8
Dodge: Dodged            |     7 |    14 ||    21
